Pick #1

Connor Bedard
Pick #2

Leo Carlsson
Pick #3

Adam Fantilli
Pick #4

Matvei Michkov
Pick #5

David Reinbacher
Pick #6

William Smith
Pick #7

Zachary Benson
Pick #8

Ryan Leonard
Pick #9

Gabriel Perreault
Pick #10

Axel Sandin-Pellika
Pick #11

Daniil But
Pick #12

Dalibor Dvorsky
Pick #13

Quentin Musty
Pick #14

Brayden Yager
Pick #15

Dmitry Simashev
Pick #16

Colby Barlow
Pick #17

Andrew Cristall
Pick #18

Easton Cowan
Pick #19

Jacob Fowler
Pick #20

Oliver Moore
Pick #21

Oliver Bonk
Pick #22

Tom Willander
Pick #23

Calum Ritchie
Pick #24

Tanner Molendyk
Pick #25

Gavin Brindley
Pick #26

Nate Danielson
Pick #27

Pick #28

Pick #29

Pick #30

Pick #31

Pick #32

Pick #33

Pick #34

Pick #35

Pick #36

Pick #37

Pick #38

Pick #39

Pick #40

Pick #41

Pick #42

Pick #43

Pick #44

Pick #45

Pick #46

Pick #47

Pick #48

Pick #49

Pick #50

Pick #51

Pick #52

Pick #53

Pick #54

Pick #55

Pick #56

Pick #57

Pick #58

Pick #59

Pick #60

Pick #61

Pick #62

Pick #63

Pick #64

Pick #65

Pick #66

Pick #67

Pick #68

Pick #69

Pick #70

Pick #71

Pick #72

Pick #73

Pick #74

Pick #75

Pick #76

Pick #77

Pick #78

Pick #79

Pick #80

Pick #81

Pick #82

Pick #83

Pick #84

Pick #85

Pick #86

Pick #87

Pick #88

Pick #89

Pick #90

Pick #91

Pick #92

Pick #93

Pick #94

Pick #95

Pick #96

Pick #97

Pick #98

Pick #99

Pick #100

Pick #101

Pick #102

Pick #103

Pick #104

Pick #105

Pick #106

Pick #107

Pick #108

Pick #109

Pick #110

Pick #111

Pick #112

Pick #113

Pick #114

Pick #115

Pick #116

Pick #117

Pick #118

Pick #119

Pick #120

Pick #121

Pick #122

Pick #123

Pick #124

Pick #125

Pick #126

Pick #127

Pick #128

Pick #129

Pick #130

Full Scoreboard »»

Rangers vs Sabres

Created - March 20, 2024 at 00:52

Goals
1 2 3 T
Rangers 1 1 1 3
Sabres 0 0 0 0
Shots
1 2 3 T
Rangers 11 11 6 28
Sabres 5 11 4 20

GoalsPenalties
1st period
1. Rangers , Anthony Beauvillier 20 (Riley Stillman 18, Casey Mittelstadt 27) at 15:32 (PP)
Mario Ferraro (NYR) for Tripping (Minor) at 6:34
Colton White (BUF) for Hooking (Minor) at 8:41
Victor Soderstrom (BUF) for Roughing (Minor) at 15:20
Luke Schenn (NYR) for Hooking (Minor) at 18:37
2nd period
2. Rangers , Patrik Laine 25 (Riley Stillman 19, Nick Perbix 11) at 10:00
Evgeny Svechnikov (NYR) for Hooking (Minor) at 15:27
3rd period
3. Rangers , Patrik Laine 26 (Logan Brown 2) at 1:59
Mason McTavish (BUF) for Holding (Minor) at 8:43
Luke Kunin (NYR) for Kneeing (Minor) at 15:16
Joona Luoto (BUF) for Interference (Minor) at 18:08
Evgeny Svechnikov (NYR) for Hooking (Minor) at 18:08
Goalie Stats
Arturs Silovs (NYR), 20 saves from 20 shots - (1.000), W, 5-7-1, 60:00 minutes
Matt Murray (BUF), 25 saves from 28 shots - (0.893), L, 8-16-1, 60:00 minutes
3 StarsOfficial
1 - Patrik Laine (NYR)
2 - Arturs Silovs (NYR)
3 - Riley Stillman (NYR)
Referees : Terry Koharski and Michael Markovic
Linesman : Brad Kovachik and Brian Murphy
Game Note
Blake Coleman is injured at 13:48 of 3rd period (Sprained Right Finger)
Finance
Level 1 -- Attendance: 5535 (85.15%) -- Ticket Income $658,665
Level 2 -- Attendance: 3594 (71.88%) -- Ticket Income $355,806
Level 3 -- Attendance: 3077 (87.91%) -- Ticket Income $212,313
Level 4 -- Attendance: 2730 (88.93%) -- Ticket Income $133,770
Luxury Box -- Attendance: 901 (90.10%) -- Ticket Income $188,309
Game was played at the Buffalo Pete Center.
Total Attendance: 15837 (83.05%)
Total Ticket Income: $1,548,863
Other Income: $387,216
Total Income: $1,936,079



Team Name Goals Shots Shots Attemp Shots Blocked PIM HIT PP PK FO%
Rangers 32862610181 / 3 (33%)053%
Sabres 0204378260 / 4 (0%)147%

Rangers
Player Name POS G A P +/- PIM HIT SHT SB MP PP MP PP SHT PK MP PK SHT FO% FOT
Anthony BeauvillierLW1010003017:412:2510:0000% 2
Caleb JonesD0000010123:192:0604:2700% 0
Casey MittelstadtC0110004116:522:2510:00050% 22
Eric RobinsonLW0000000111:110:0000:00067% 3
Evgeny SvechnikovLW0000402016:502:2500:0000% 1
Jakub LaukoC0000010015:570:0003:53056% 9
Justin DanforthRW0002002015:531:4500:0000% 0
Juuso ParssinenC0000020012:051:4504:03057% 14
Logan BrownC0112001014:570:0000:00050% 12
Luke KuninC0000230011:190:0000:00050% 10
Luke SchennD0001221020:442:0413:0600% 0
Mario FerraroD0000232119:420:0003:5900% 0
Nathan WalkerLW0000000010:100:0003:5300% 0
Nick PerbixD0111003017:020:0001:2900% 0
Patrik LaineLW20220110015:531:4530:000100% 1
Riley StillmanD0221040018:262:0400:0000% 0
Ryan LombergLW0000010011:220:0004:030100% 2
Sebastien AhoD0001000220:452:0602:5100% 0
Sabres
Player Name POS G A P +/- PIM HIT SHT SB MP PP MP PP SHT PK MP PK SHT FO% FOT
Arber XhekajD0000031022:193:0910:0000% 0
Blake ColemanC000-1044020:342:4123:07057% 28
Brenden DillonD0000050123:323:0901:1300% 0
Brett HowdenC000001007:230:0001:03050% 6
Colton WhiteD000-1200214:520:0000:5200% 0
Corey PerryRW000001106:540:5900:0000% 1
Jake NeighboursLW0000030018:364:0400:000100% 2
Jesper FastRW0000002015:020:1201:03050% 2
Jonathan DrouinLW000-1004018:583:5200:0000% 1
Joona LuotoLW000020005:540:0000:0000% 1
Juraj SlafkovskyLW000-1011116:454:0400:0000% 3
Kaedan KorczakD000-1010121:154:4701:4500% 0
Mason AppletonC000-1001011:150:0000:00030% 10
Mason McTavishC000-1201020:233:5210:00033% 3
Nicklas BackstromC0000001117:514:0400:00053% 17
Philippe MyersD000-1022021:474:4712:1700% 0
Victor SoderstromD000-1240116:130:0002:1300% 0
Zach SanfordLW000-1012014:220:0003:07050% 2



Play-by-Play

1st period


0:01 of 1st period - Patrik Laine wins face-off versus Blake Coleman in neutral zone.
0:06 of 1st period - Shot by Patrik Laine.
0:06 of 1st period - Shot Misses the Net.
0:24 of 1st period - Justin Danforth is hit by Blake Coleman and loses puck.
0:32 of 1st period - Off-side.
0:33 of 1st period - Nicklas Backstrom wins face-off versus Casey Mittelstadt in neutral zone.
0:59 of 1st period - Shot by Anthony Beauvillier.
0:59 of 1st period - Shot Misses the Net.
1:01 of 1st period - Shot by Casey Mittelstadt.
1:01 of 1st period - Shot Misses the Net.
1:03 of 1st period - Shot by Casey Mittelstadt.
1:03 of 1st period - Shot Blocked by Kaedan Korczak.
1:05 of 1st period - Shot by Sebastien Aho.
1:05 of 1st period - Deflect By Casey Mittelstadt.
1:05 of 1st period - Stopped by Matt Murray without a rebound.
1:06 of 1st period - Eric Robinson wins face-off versus Mason Appleton in Sabres zone.
1:06 of 1st period - Riley Stillman is hit by Victor Soderstrom and loses puck.
1:19 of 1st period - Shot by Mason Appleton.
1:19 of 1st period - Stopped by Arturs Silovs without a rebound.
1:20 of 1st period - Juuso Parssinen wins face-off versus Brett Howden in Rangers zone.
1:20 of 1st period - Juuso Parssinen is hit by Corey Perry.
2:11 of 1st period - Off-side.
2:12 of 1st period - Mason Appleton wins face-off versus Eric Robinson in neutral zone.
3:25 of 1st period - Caleb Jones is hit by Zach Sanford.
3:33 of 1st period - Shot by Logan Brown.
3:33 of 1st period - Shot Misses the Net.
4:13 of 1st period - Shot by Anthony Beauvillier.
4:13 of 1st period - Shot Hit the Post.
4:42 of 1st period - Off-side.
4:43 of 1st period - Nicklas Backstrom wins face-off versus Luke Kunin in neutral zone.
4:43 of 1st period - Jesper Fast is hit by Luke Kunin.
4:46 of 1st period - Icing by Eric Robinson.
4:47 of 1st period - Nicklas Backstrom wins face-off versus Luke Kunin in Rangers zone.
5:02 of 1st period - Shot by Jake Neighbours.
5:02 of 1st period - Shot Blocked by Eric Robinson.
5:04 of 1st period - Shot by Philippe Myers.
5:04 of 1st period - Stopped by Arturs Silovs with a rebound.
5:42 of 1st period - Shot by Blake Coleman.
5:42 of 1st period - Shot Misses the Net.
6:13 of 1st period - Shot by Blake Coleman.
6:13 of 1st period - Shot Misses the Net.
6:34 of 1st period - Minor Penalty to Mario Ferraro for Tripping.
6:35 of 1st period - Juuso Parssinen wins face-off versus Nicklas Backstrom in Rangers zone.
6:35 of 1st period - Juuso Parssinen is hit by Juraj Slafkovsky.
6:58 of 1st period - Shot by Philippe Myers.
6:58 of 1st period - Stopped by Arturs Silovs with a rebound.
7:17 of 1st period - Icing by Brenden Dillon.
7:18 of 1st period - Jakub Lauko wins face-off versus Blake Coleman in Sabres zone.
7:36 of 1st period - Icing by Blake Coleman.
7:37 of 1st period - Jakub Lauko wins face-off versus Blake Coleman in Sabres zone.
7:37 of 1st period - Jakub Lauko is hit by Brenden Dillon.
8:10 of 1st period - Icing by Jake Neighbours.
8:11 of 1st period - Juuso Parssinen wins face-off versus Nicklas Backstrom in Sabres zone.
8:41 of 1st period - Minor Penalty to Colton White for Hooking.
8:42 of 1st period - Blake Coleman wins face-off versus Casey Mittelstadt in Sabres zone.
9:12 of 1st period - Shot by Riley Stillman.
9:12 of 1st period - Shot Misses the Net.
9:44 of 1st period - Shot by Caleb Jones.
9:44 of 1st period - Deflect By Patrik Laine.
9:44 of 1st period - Shot Misses the Net.
9:46 of 1st period - Shot by Patrik Laine.
9:46 of 1st period - Shot Misses the Net.
9:48 of 1st period - Shot by Justin Danforth.
9:48 of 1st period - Shot Blocked by Brenden Dillon.
9:50 of 1st period - Shot by Patrik Laine.
9:50 of 1st period - Stopped by Matt Murray without a rebound.
9:51 of 1st period - Blake Coleman wins face-off versus Juuso Parssinen in Sabres zone.
9:51 of 1st period - Blake Coleman is hit by Juuso Parssinen.
10:04 of 1st period - Off-side.
10:05 of 1st period - Blake Coleman wins face-off versus Juuso Parssinen in neutral zone.
10:16 of 1st period - Shot by Patrik Laine.
10:16 of 1st period - Stopped by Matt Murray without a rebound.
10:17 of 1st period - Blake Coleman wins face-off versus Anthony Beauvillier in Sabres zone.
11:15 of 1st period - Shot by Jakub Lauko.
11:15 of 1st period - Deflect By Eric Robinson.
11:15 of 1st period - Shot Misses the Net.
12:15 of 1st period - Shot by Jesper Fast.
12:15 of 1st period - Stopped by Arturs Silovs without a rebound.
12:16 of 1st period - Casey Mittelstadt wins face-off versus Mason Appleton in Rangers zone.
12:58 of 1st period - Shot by Juraj Slafkovsky.
12:58 of 1st period - Deflect By Zach Sanford.
12:58 of 1st period - Shot Blocked by Casey Mittelstadt.
13:13 of 1st period - Icing by Philippe Myers.
13:14 of 1st period - Juuso Parssinen wins face-off versus Joona Luoto in Sabres zone.
13:33 of 1st period - Shot by Juuso Parssinen.
13:33 of 1st period - Shot Misses the Net.
13:51 of 1st period - Shot by Juuso Parssinen.
13:51 of 1st period - Shot Misses the Net.
14:12 of 1st period - Patrik Laine is hit by Brenden Dillon.
14:18 of 1st period - Shot by Justin Danforth.
14:18 of 1st period - Stopped by Matt Murray with a rebound.
15:20 of 1st period - Minor Penalty to Victor Soderstrom for Roughing.
15:21 of 1st period - Casey Mittelstadt wins face-off versus Blake Coleman in Sabres zone.
15:26 of 1st period - Shot by Luke Schenn.
15:26 of 1st period - Shot Misses the Net.
15:28 of 1st period - Shot by Casey Mittelstadt.
15:28 of 1st period - Stopped by Matt Murray without a rebound.
15:29 of 1st period - Casey Mittelstadt wins face-off versus Blake Coleman in Sabres zone.
15:32 of 1st period - Shot by Anthony Beauvillier.
15:32 of 1st period - Goal by Anthony Beauvillier - Rangers : 1 - Sabres : 0.
15:33 of 1st period - Casey Mittelstadt wins face-off versus Juraj Slafkovsky in neutral zone.
15:47 of 1st period - Casey Mittelstadt is hit by Arber Xhekaj and loses puck.
15:53 of 1st period - Casey Mittelstadt is hit by Brenden Dillon and loses puck.
15:56 of 1st period - Shot by Anthony Beauvillier.
15:56 of 1st period - Stopped by Matt Murray with a rebound.
15:58 of 1st period - Shot by Nick Perbix.
15:58 of 1st period - Shot Misses the Net.
16:00 of 1st period - Shot by Evgeny Svechnikov.
16:00 of 1st period - Stopped by Matt Murray with a rebound.
16:02 of 1st period - Shot by Anthony Beauvillier.
16:02 of 1st period - Shot Misses the Net.
16:06 of 1st period - Shot by Casey Mittelstadt.
16:06 of 1st period - Stopped by Matt Murray without a rebound.
16:07 of 1st period - Blake Coleman wins face-off versus Juuso Parssinen in Sabres zone.
17:06 of 1st period - Luke Schenn is hit by Blake Coleman and loses puck.
17:17 of 1st period - Shot by Patrik Laine.
17:17 of 1st period - Stopped by Matt Murray without a rebound.
17:18 of 1st period - Casey Mittelstadt wins face-off versus Nicklas Backstrom in Sabres zone.
17:19 of 1st period - Shot by Nick Perbix.
17:19 of 1st period - Stopped by Matt Murray without a rebound.
17:20 of 1st period - Nicklas Backstrom wins face-off versus Casey Mittelstadt in Sabres zone.
18:26 of 1st period - Shot by Zach Sanford.
18:26 of 1st period - Shot Misses the Net.
18:28 of 1st period - Shot by Zach Sanford.
18:28 of 1st period - Shot Misses the Net.
18:37 of 1st period - Minor Penalty to Luke Schenn for Hooking.
18:38 of 1st period - Blake Coleman wins face-off versus Jakub Lauko in Rangers zone.
18:43 of 1st period - Shot by Jonathan Drouin.
18:43 of 1st period - Shot Misses the Net.
18:45 of 1st period - Shot by Blake Coleman.
18:45 of 1st period - Shot Misses the Net.
18:47 of 1st period - Shot by Blake Coleman.
18:47 of 1st period - Stopped by Arturs Silovs without a rebound.
18:48 of 1st period - Blake Coleman wins face-off versus Jakub Lauko in Rangers zone.
19:48 of 1st period - Icing by Jake Neighbours.
19:49 of 1st period - Juuso Parssinen wins face-off versus Nicklas Backstrom in Sabres zone.
Goals for this period are 1 for Rangers vs 0 for Sabres.
Shots for this period are 11 for Rangers vs 5 for Sabres.

2nd period


0:01 of 2nd period - Blake Coleman wins face-off versus Jakub Lauko in neutral zone.
0:16 of 2nd period - Shot by Blake Coleman.
0:16 of 2nd period - Stopped by Arturs Silovs with a rebound.
0:18 of 2nd period - Shot by Blake Coleman.
0:18 of 2nd period - Shot Blocked by Caleb Jones.
0:20 of 2nd period - Shot by Blake Coleman.
0:20 of 2nd period - Deflect By Jonathan Drouin.
0:20 of 2nd period - Shot Misses the Net.
0:22 of 2nd period - Shot by Brenden Dillon.
0:22 of 2nd period - Shot Blocked by Mario Ferraro.
0:24 of 2nd period - Shot by Mason McTavish.
0:24 of 2nd period - Stopped by Arturs Silovs without a rebound.
0:25 of 2nd period - Jake Neighbours wins face-off versus Juuso Parssinen in Rangers zone.
0:42 of 2nd period - Shot by Brett Howden.
0:42 of 2nd period - Shot Misses the Net.
0:45 of 2nd period - Icing by Luke Schenn.
0:46 of 2nd period - Blake Coleman wins face-off versus Casey Mittelstadt in Rangers zone.
0:53 of 2nd period - Shot by Jonathan Drouin.
0:53 of 2nd period - Stopped by Arturs Silovs without a rebound.
0:54 of 2nd period - Blake Coleman wins face-off versus Evgeny Svechnikov in Rangers zone.
0:54 of 2nd period - Philippe Myers is hit by Mario Ferraro and loses puck.
1:10 of 2nd period - Off-side.
1:11 of 2nd period - Nicklas Backstrom wins face-off versus Luke Kunin in neutral zone.
1:11 of 2nd period - Nicklas Backstrom is hit by Luke Kunin.
1:14 of 2nd period - Arber Xhekaj is hit by Riley Stillman and loses puck.
1:48 of 2nd period - Shot by Eric Robinson.
1:48 of 2nd period - Shot Misses the Net.
2:19 of 2nd period - Blake Coleman is hit by Riley Stillman and loses puck.
2:53 of 2nd period - Icing by Nick Perbix.
2:54 of 2nd period - Mason Appleton wins face-off versus Luke Kunin in Rangers zone.
2:56 of 2nd period - Zach Sanford is hit by Riley Stillman and loses puck.
3:35 of 2nd period - Shot by Zach Sanford.
3:35 of 2nd period - Stopped by Arturs Silovs with a rebound.
3:57 of 2nd period - Shot by Nicklas Backstrom.
3:57 of 2nd period - Shot Misses the Net.
4:13 of 2nd period - Caleb Jones is hit by Arber Xhekaj and loses puck.
4:17 of 2nd period - Icing by Brenden Dillon.
4:18 of 2nd period - Jake Neighbours wins face-off versus Anthony Beauvillier in Sabres zone.
4:36 of 2nd period - Icing by Evgeny Svechnikov.
4:37 of 2nd period - Casey Mittelstadt wins face-off versus Blake Coleman in Rangers zone.
4:46 of 2nd period - Shot by Anthony Beauvillier.
4:46 of 2nd period - Stopped by Matt Murray without a rebound.
4:47 of 2nd period - Juuso Parssinen wins face-off versus Mason Appleton in Sabres zone.
5:30 of 2nd period - Shot by Zach Sanford.
5:30 of 2nd period - Shot Misses the Net.
6:18 of 2nd period - Off-side.
6:19 of 2nd period - Nicklas Backstrom wins face-off versus Casey Mittelstadt in neutral zone.
7:16 of 2nd period - Shot by Juraj Slafkovsky.
7:16 of 2nd period - Stopped by Arturs Silovs without a rebound.
7:17 of 2nd period - Blake Coleman wins face-off versus Logan Brown in Rangers zone.
7:21 of 2nd period - Icing by Patrik Laine.
7:22 of 2nd period - Blake Coleman wins face-off versus Logan Brown in Rangers zone.
7:26 of 2nd period - Icing by Nick Perbix.
7:27 of 2nd period - Logan Brown wins face-off versus Blake Coleman in Rangers zone.
7:37 of 2nd period - Patrik Laine is hit by Brenden Dillon and loses puck.
7:56 of 2nd period - Shot by Patrik Laine.
7:56 of 2nd period - Stopped by Matt Murray without a rebound.
7:57 of 2nd period - Eric Robinson wins face-off versus Nicklas Backstrom in Sabres zone.
7:57 of 2nd period - Luke Kunin is hit by Philippe Myers and loses puck.
8:55 of 2nd period - Icing by Brenden Dillon.
8:56 of 2nd period - Blake Coleman wins face-off versus Casey Mittelstadt in Sabres zone.
9:01 of 2nd period - Shot by Mason McTavish.
9:01 of 2nd period - Shot Blocked by Sebastien Aho.
9:03 of 2nd period - Shot by Jonathan Drouin.
9:03 of 2nd period - Deflect By Mason McTavish.
9:03 of 2nd period - Shot Blocked by Sebastien Aho.
9:08 of 2nd period - Jonathan Drouin is hit by Luke Schenn and loses puck.
9:17 of 2nd period - Shot by Jonathan Drouin.
9:17 of 2nd period - Stopped by Arturs Silovs without a rebound.
9:18 of 2nd period - Mason Appleton wins face-off versus Logan Brown in Rangers zone.
9:40 of 2nd period - Patrik Laine is hit by Victor Soderstrom and loses puck.
9:50 of 2nd period - Shot by Patrik Laine.
9:50 of 2nd period - Stopped by Matt Murray with a rebound.
9:52 of 2nd period - Shot by Nick Perbix.
9:52 of 2nd period - Stopped by Matt Murray with a rebound.
10:00 of 2nd period - Shot by Patrik Laine.
10:00 of 2nd period - Goal by Patrik Laine - Rangers : 2 - Sabres : 0.
10:01 of 2nd period - Casey Mittelstadt wins face-off versus Blake Coleman in neutral zone.
10:19 of 2nd period - Shot by Jonathan Drouin.
10:19 of 2nd period - Stopped by Arturs Silovs with a rebound.
10:21 of 2nd period - Shot by Blake Coleman.
10:21 of 2nd period - Stopped by Arturs Silovs without a rebound.
10:22 of 2nd period - Luke Kunin wins face-off versus Nicklas Backstrom in Rangers zone.
10:38 of 2nd period - Shot by Mario Ferraro.
10:38 of 2nd period - Stopped by Matt Murray with a rebound.
11:31 of 2nd period - Shot by Casey Mittelstadt.
11:31 of 2nd period - Stopped by Matt Murray without a rebound.
11:32 of 2nd period - Logan Brown wins face-off versus Juraj Slafkovsky in Sabres zone.
11:35 of 2nd period - Shot by Justin Danforth.
11:35 of 2nd period - Stopped by Matt Murray with a rebound.
11:51 of 2nd period - Shot by Justin Danforth.
11:51 of 2nd period - Shot Blocked by Victor Soderstrom.
11:56 of 2nd period - Icing by Mason Appleton.
11:57 of 2nd period - Casey Mittelstadt wins face-off versus Zach Sanford in Sabres zone.
12:05 of 2nd period - Icing by Mason Appleton.
12:06 of 2nd period - Zach Sanford wins face-off versus Casey Mittelstadt in Sabres zone.
13:23 of 2nd period - Shot by Logan Brown.
13:23 of 2nd period - Shot Misses the Net.
14:08 of 2nd period - Shot by Nicklas Backstrom.
14:08 of 2nd period - Stopped by Arturs Silovs without a rebound.
14:09 of 2nd period - Luke Kunin wins face-off versus Mason Appleton in Rangers zone.
15:17 of 2nd period - Jonathan Drouin is hit by Luke Schenn and loses puck.
15:27 of 2nd period - Minor Penalty to Evgeny Svechnikov for Hooking.
15:28 of 2nd period - Juuso Parssinen wins face-off versus Jonathan Drouin in Rangers zone.
15:37 of 2nd period - Juuso Parssinen is hit by Blake Coleman.
15:44 of 2nd period - Shot by Arber Xhekaj.
15:44 of 2nd period - Stopped by Arturs Silovs without a rebound.
15:45 of 2nd period - Jakub Lauko wins face-off versus Nicklas Backstrom in Rangers zone.
15:45 of 2nd period - Jakub Lauko is hit by Jake Neighbours.
16:13 of 2nd period - Shot by Nicklas Backstrom.
16:13 of 2nd period - Deflect By Jake Neighbours.
16:13 of 2nd period - Shot Misses the Net.
16:34 of 2nd period - Icing by Nicklas Backstrom.
16:35 of 2nd period - Nicklas Backstrom wins face-off versus Juuso Parssinen in Sabres zone.
17:09 of 2nd period - Icing by Blake Coleman.
17:10 of 2nd period - Blake Coleman wins face-off versus Jakub Lauko in Sabres zone.
17:36 of 2nd period - Icing by Riley Stillman.
17:37 of 2nd period - Brett Howden wins face-off versus Logan Brown in Rangers zone.
17:40 of 2nd period - Shot by Corey Perry.
17:40 of 2nd period - Stopped by Arturs Silovs with a rebound.
17:54 of 2nd period - Shot by Logan Brown.
17:54 of 2nd period - Stopped by Matt Murray with a rebound.
17:56 of 2nd period - Shot by Patrik Laine.
17:56 of 2nd period - Stopped by Matt Murray with a rebound.
17:58 of 2nd period - Shot by Nick Perbix.
17:58 of 2nd period - Stopped by Matt Murray without a rebound.
17:59 of 2nd period - Blake Coleman wins face-off versus Casey Mittelstadt in Sabres zone.
18:14 of 2nd period - Shot by Mason McTavish.
18:14 of 2nd period - Shot Misses the Net.
18:16 of 2nd period - Shot by Arber Xhekaj.
18:16 of 2nd period - Shot Misses the Net.
18:38 of 2nd period - Shot by Anthony Beauvillier.
18:38 of 2nd period - Shot Misses the Net.
Goals for this period are 1 for Rangers vs 0 for Sabres.
Shots for this period are 11 for Rangers vs 11 for Sabres.

3rd period


0:01 of 3rd period - Casey Mittelstadt wins face-off versus Mason McTavish in neutral zone.
0:23 of 3rd period - Off-side.
0:24 of 3rd period - Nicklas Backstrom wins face-off versus Luke Kunin in neutral zone.
0:24 of 3rd period - Jesper Fast is hit by Jakub Lauko and loses puck.
0:58 of 3rd period - Nicklas Backstrom is hit by Mario Ferraro and loses puck.
1:05 of 3rd period - Brenden Dillon is hit by Luke Kunin and loses puck.
1:21 of 3rd period - Icing by Mario Ferraro.
1:22 of 3rd period - Luke Kunin wins face-off versus Blake Coleman in Rangers zone.
1:22 of 3rd period - Luke Kunin is hit by Blake Coleman.
1:29 of 3rd period - Blake Coleman is hit by Caleb Jones and loses puck.
1:57 of 3rd period - Icing by Jonathan Drouin.
1:58 of 3rd period - Logan Brown wins face-off versus Blake Coleman in Sabres zone.
1:59 of 3rd period - Shot by Patrik Laine.
1:59 of 3rd period - Goal by Patrik Laine - Rangers : 3 - Sabres : 0.
2:00 of 3rd period - Logan Brown wins face-off versus Mason Appleton in neutral zone.
2:09 of 3rd period - Shot by Justin Danforth.
2:09 of 3rd period - Shot Blocked by Juraj Slafkovsky.
2:43 of 3rd period - Shot by Zach Sanford.
2:43 of 3rd period - Shot Misses the Net.
2:56 of 3rd period - Riley Stillman is hit by Brenden Dillon and loses puck.
3:31 of 3rd period - Shot by Casey Mittelstadt.
3:31 of 3rd period - Shot Misses the Net.
3:33 of 3rd period - Shot by Casey Mittelstadt.
3:33 of 3rd period - Shot Misses the Net.
3:35 of 3rd period - Shot by Evgeny Svechnikov.
3:35 of 3rd period - Shot Misses the Net.
5:04 of 3rd period - Shot by Zach Sanford.
5:04 of 3rd period - Stopped by Arturs Silovs without a rebound.
5:05 of 3rd period - Logan Brown wins face-off versus Brett Howden in Rangers zone.
5:22 of 3rd period - Shot by Logan Brown.
5:22 of 3rd period - Shot Misses the Net.
5:35 of 3rd period - Off-side.
5:36 of 3rd period - Casey Mittelstadt wins face-off versus Juraj Slafkovsky in neutral zone.
6:51 of 3rd period - Shot by Blake Coleman.
6:51 of 3rd period - Stopped by Arturs Silovs without a rebound.
6:52 of 3rd period - Logan Brown wins face-off versus Nicklas Backstrom in Rangers zone.
6:56 of 3rd period - Patrik Laine is hit by Victor Soderstrom and loses puck.
7:01 of 3rd period - Shot by Patrik Laine.
7:01 of 3rd period - Shot Blocked by Colton White.
7:03 of 3rd period - Shot by Justin Danforth.
7:03 of 3rd period - Deflect By Patrik Laine.
7:03 of 3rd period - Shot Blocked by Nicklas Backstrom.
7:11 of 3rd period - Shot by Patrik Laine.
7:11 of 3rd period - Stopped by Matt Murray without a rebound.
7:12 of 3rd period - Juuso Parssinen wins face-off versus Blake Coleman in Sabres zone.
7:39 of 3rd period - Shot by Jonathan Drouin.
7:39 of 3rd period - Stopped by Arturs Silovs without a rebound.
7:40 of 3rd period - Luke Kunin wins face-off versus Jesper Fast in Rangers zone.
7:40 of 3rd period - Luke Kunin is hit by Jake Neighbours.
8:02 of 3rd period - Shot by Nicklas Backstrom.
8:02 of 3rd period - Shot Misses the Net.
8:06 of 3rd period - Shot by Jesper Fast.
8:06 of 3rd period - Stopped by Arturs Silovs with a rebound.
8:43 of 3rd period - Minor Penalty to Mason McTavish for Holding.
8:44 of 3rd period - Blake Coleman wins face-off versus Juuso Parssinen in Sabres zone.
9:08 of 3rd period - Shot by Luke Schenn.
9:08 of 3rd period - Stopped by Matt Murray without a rebound.
9:09 of 3rd period - Casey Mittelstadt wins face-off versus Blake Coleman in Sabres zone.
9:09 of 3rd period - Casey Mittelstadt is hit by Philippe Myers.
10:21 of 3rd period - Shot by Juuso Parssinen.
10:21 of 3rd period - Shot Misses the Net.
10:27 of 3rd period - Shot by Patrik Laine.
10:27 of 3rd period - Stopped by Matt Murray without a rebound.
10:28 of 3rd period - Jesper Fast wins face-off versus Casey Mittelstadt in Sabres zone.
10:33 of 3rd period - Anthony Beauvillier is hit by Brett Howden and loses puck.
10:58 of 3rd period - Luke Kunin is hit by Jake Neighbours and loses puck.
11:14 of 3rd period - Off-side.
11:15 of 3rd period - Brett Howden wins face-off versus Logan Brown in neutral zone.
11:17 of 3rd period - Victor Soderstrom is hit by Patrik Laine and loses puck.
11:34 of 3rd period - Shot by Justin Danforth.
11:34 of 3rd period - Shot Hit the Post.
11:36 of 3rd period - Shot by Caleb Jones.
11:36 of 3rd period - Shot Misses the Net.
11:38 of 3rd period - Shot by Mario Ferraro.
11:38 of 3rd period - Stopped by Matt Murray without a rebound.
11:39 of 3rd period - Nicklas Backstrom wins face-off versus Casey Mittelstadt in Sabres zone.
12:27 of 3rd period - Evgeny Svechnikov is hit by Kaedan Korczak and loses puck.
13:05 of 3rd period - Corey Perry is hit by Riley Stillman and loses puck.
13:47 of 3rd period - Blake Coleman is hit by Mario Ferraro.
13:48 of 3rd period - Blake Coleman from Sabres is injured at 13:48 of 3rd period (Sprained Right Finger).
13:49 of 3rd period - Ryan Lomberg wins face-off versus Mason Appleton in Rangers zone.
13:53 of 3rd period - Off-side.
13:54 of 3rd period - Ryan Lomberg wins face-off versus Mason Appleton in neutral zone.
15:09 of 3rd period - Shot by Evgeny Svechnikov.
15:09 of 3rd period - Stopped by Matt Murray without a rebound.
15:10 of 3rd period - Luke Kunin wins face-off versus Brett Howden in Sabres zone.
15:10 of 3rd period - Riley Stillman is hit by Victor Soderstrom and loses puck.
15:16 of 3rd period - Minor Penalty to Luke Kunin for Kneeing.
15:17 of 3rd period - Jakub Lauko wins face-off versus Corey Perry in Rangers zone.
15:34 of 3rd period - Shot by Mason McTavish.
15:34 of 3rd period - Shot Misses the Net.
15:36 of 3rd period - Shot by Corey Perry.
15:36 of 3rd period - Shot Misses the Net.
16:46 of 3rd period - Jakub Lauko is hit by Arber Xhekaj and loses puck.
16:49 of 3rd period - Shot by Nathan Walker.
16:49 of 3rd period - Shot Misses the Net.
17:09 of 3rd period - Philippe Myers is hit by Juuso Parssinen and loses puck.
17:26 of 3rd period - Shot by Patrik Laine.
17:26 of 3rd period - Shot Misses the Net.
17:28 of 3rd period - Shot by Logan Brown.
17:28 of 3rd period - Shot Blocked by Colton White.
17:33 of 3rd period - Icing by Brett Howden.
17:34 of 3rd period - Brett Howden wins face-off versus Casey Mittelstadt in Sabres zone.
17:51 of 3rd period - Shot by Anthony Beauvillier.
17:51 of 3rd period - Deflect By Casey Mittelstadt.
17:51 of 3rd period - Shot Misses the Net.
18:08 of 3rd period - Minor Penalty to Joona Luoto for Interference.
18:08 of 3rd period - Minor Penalty to Evgeny Svechnikov for Hooking.
18:09 of 3rd period - Jakub Lauko wins face-off versus Mason McTavish in neutral zone.
18:56 of 3rd period - Brenden Dillon is hit by Ryan Lomberg and loses puck.
19:04 of 3rd period - Icing by Arber Xhekaj.
19:05 of 3rd period - Mason McTavish wins face-off versus Logan Brown in Sabres zone.
Goals for this period are 1 for Rangers vs 0 for Sabres.
Shots for this period are 6 for Rangers vs 4 for Sabres.